 Dungeon Crawl Stone Soup version 0.27-a0-1280-g9d2d252d84 (webtiles) character file.

Game seed: 11693646167594533827

5673 Glokmah the Archer (level 10, -3/64 HPs)
             Began as a Tengu Gladiator on June 13, 2021.
             Was a Priest of Okawaru.
             Slain by an orc warrior (20 damage)
             ... on level 9 of the Dungeon.
             The game lasted 00:24:54 (9925 turns).

Glokmah the Archer (Tengu Gladiator)                Turns: 9925, Time: 00:24:54

Health: -3/64      AC: 11    Str: 21    XL:     10   Next: 75%
Magic:  13/13      EV: 12    Int:  9    God:    Okawaru [***...]
Gold:   121        SH:  0    Dex: 18    Spells: 9/9 levels left

rFire    . . .     SeeInvis .   a - +8 shortbow (vorpal)
rCold    . . .     Faith    +   (shield currently unavailable)
rNeg     . . .     Spirit   .   l - +0 chain mail
rPois    +         Reflect  .   c - +1 hat
rElec    .         Harm     .   (no cloak)
rCorr    .         Rampage  .   (no gloves)
Will     .....                  (boots unavailable)
Stlth    ..........             e - amulet of faith
HPRegen  0.20/turn              t - +6 ring of strength
MPRegen  0.13/turn              w - ring of poison resistance

@: flying quickly and evasively, quick
A: beak, talons 3, nimble flight
a: Renounce Religion, Heroism


You were on level 9 of the Dungeon.
You worshipped Okawaru.
Okawaru was most pleased with you.
You visited 2 branches of the dungeon, and saw 10 of its levels.
You also visited: Ossuary.

You collected 521 gold pieces.
You spent 400 gold pieces at shops.

Inventory:

Hand Weapons
 a - a +8 vorpal shortbow (weapon)
 b - the +8 whip "Zuzed" {vorpal, rN+ Str+4}
   (You found it on level 4 of the Dungeon)

   It inflicts extra damage upon your enemies.
   It affects your strength (+4).
   It protects you from negative energy.
 y - a +0 long sword
Missiles
 d - 2 throwing nets
 g - 15 poisoned darts
 k - 4 atropa-tipped darts
 m - 27 arrows (quivered ammo)
 q - 6 boomerangs
Armour
 c - a +1 hat (worn)
 l - a +0 chain mail (worn)
Jewellery
 e - an amulet of faith (around neck)
 h - the amulet "Saur" {Acrobat Str-3 Int+4 Slay+2}
   (You acquired it on level 5 of the Dungeon)

   [amulet of the acrobat]

   It increases your evasion while moving and waiting.
   It affects your strength (-3).
   It affects your intelligence (+4).
   It affects your accuracy and damage with ranged weapons and melee attacks
   (+2).
 t - a +6 ring of strength (left hand)
 v - a ring of fire
 w - a ring of poison resistance (right hand)
 x - a ring of resist corrosion
 E - a ring of willpower
Wands
 r - a wand of charming (5)
 u - a wand of acid (8)
Scrolls
 o - a scroll of fog
 p - 2 scrolls of noise
 z - a scroll of teleportation
 A - 2 scrolls of identify
 F - a scroll of enchant weapon
Potions
 f - 4 potions of magic
 i - 10 potions of curing
 j - 3 potions of heal wounds
 n - a potion of berserk rage
 s - 3 potions of flight
 B - a potion of degeneration {unknown}
 C - a potion of might {unknown}
 D - a potion of invisibility {unknown}


   Skills:
 + Level 8.0 Fighting
 - Level 4.6 Long Blades
 * Level 11.3 Bows
 - Level 2.6 Throwing
 + Level 6.8 Armour
 - Level 5.0 Dodging
 + Level 3.0 Invocations


You had 9 spell levels left.
You didn't know any spells.
Your spell library contained the following spells:

 Spells                   Type           Power      Damage    Failure   Level
 Animate Skeleton         Necr           0%         N/A       97%         1
 Pain                     Necr           0%         1d4       97%         1
 Summon Small Mammal      Summ           0%         N/A       97%         1
 Call Imp                 Summ           0%         N/A       99%         2
 Call Canine Familiar     Summ           0%         N/A       100%        3
 Summon Guardian Golem    Hex/Summ       0%         N/A       100%        3
 Vampiric Draining        Necr           0%         2d6       100%        3
 Animate Dead             Necr           0%         N/A       100%        4
 Summon Ice Beast         Ice/Summ       0%         N/A       100%        4
 Summon Lightning Spire   Summ/Air       0%         N/A       100%        4
 Agony                    Necr           0%         N/A       100%        5


Dungeon Overview and Level Annotations

Branches:
Dungeon (9/15)             Temple (1/1) D:7         Ossuary (visited)
   Lair: D:8-11         Orc: D:9-12

Altars:
Cheibriados
Dithmenos
Elyvilon
Fedhas
Gozag
Hepliaklqana
Kikubaaqudgha
Makhleb
Nemelex Xobeh
Okawaru
Qazlal
Ru
Sif Muna
Trog
Vehumet
Wu Jian
Xom
Zin
The Shining One

Shops:
D:4 (   D:8 (*=


Innate Abilities, Weirdness & Mutations

You have a beak for a mouth.
You have claws for feet.
Your magical nature lets you fly swiftly and evasively.


Message History

Press: ? - help, Q - select action, (/) - cycle Shift-Dir - straight line, f/p - orc warrior
Aim: an orc warrior, wielding a +2 war axe of electrocution, wearing a +0 plate armour and wearing a ring of resist corrosion (moderately wounded, 75% to hit)
You shoot an arrow. The arrow hits the orc warrior.
The orc warrior is heavily wounded.
Fire: 33 arrows
Press: ? - help, Q - select action, (/) - cycle Shift-Dir - straight line, f/p - orc warrior
Aim: an orc warrior, wielding a +2 war axe of electrocution, wearing a +0 plate armour and wearing a ring of resist corrosion (heavily wounded, 74% to hit)
You shoot an arrow.
The arrow closely misses the orc warrior.
Fire: 32 arrows
Press: ? - help, Q - select action, (/) - cycle Shift-Dir - straight line, f/p - orc warrior
Aim: an orc warrior, wielding a +2 war axe of electrocution, wearing a +0 plate armour and wearing a ring of resist corrosion (heavily wounded, 75% to hit)
You shoot an arrow.
The arrow completely misses the orc warrior.
Fire: 31 arrows
Press: ? - help, Q - select action, (/) - cycle Shift-Dir - straight line, f/p - orc warrior
Aim: an orc warrior, wielding a +2 war axe of electrocution, wearing a +0 plate armour and wearing a ring of resist corrosion (heavily wounded, 74% to hit)
You shoot an arrow.
The arrow closely misses the orc warrior.
Fire: 30 arrows
Press: ? - help, Q - select action, (/) - cycle Shift-Dir - straight line, f/p - orc warrior
Aim: an orc warrior, wielding a +2 war axe of electrocution, wearing a +0 plate armour and wearing a ring of resist corrosion (heavily wounded, 75% to hit)
You shoot an arrow.
The arrow hits the orc warrior but does no damage.
The orc warrior is heavily wounded.
There is a stone staircase leading up here.
Fire: 29 arrows
Press: ? - help, Q - select action, (/) - cycle Shift-Dir - straight line, f/p - orc warrior
Aim: an orc warrior, wielding a +2 war axe of electrocution, wearing a +0 plate armour and wearing a ring of resist corrosion (heavily wounded, 75% to hit)
You shoot an arrow.
The arrow closely misses the orc warrior.
Fire: 28 arrows
Press: ? - help, Q - select action, (/) - cycle Shift-Dir - straight line, f/p - orc warrior
Aim: an orc warrior, wielding a +2 war axe of electrocution, wearing a +0 plate armour and wearing a ring of resist corrosion (heavily wounded, 75% to hit)
You shoot an arrow.
The arrow closely misses the orc warrior.
The orc warrior hits you with a +2 war axe of electrocution!
* * * LOW HITPOINT WARNING * * *
You are electrocuted!!
You die...

#######.########.###
##.o.....# #o#
o..####### #.# ####
##.# # #(o# .# #.##
.# #.# .# #o# ## #@#
# #.# # ..# #.## #.#
#.# #.# ##.# #..


You could see an orc warrior and 2 orcs.

Vanquished Creatures
  Pikel (D:6)
  Maggie (D:7)
  Prince Ribbit (D:6)
  Sigmund (D:6)
  A wyvern (D:9)
  A wraith (Ossuary)
  A steam dragon (D:8)
  5 water moccasins
  2 orc warriors
  A black bear (D:7)
  2 necrophages
  An ogre (D:5)
  An ice beast (D:6)
  A centaur (D:7)
  3 lemures (D:6)
  A phantom (D:4)
  An elf zombie (Ossuary)
  3 gnoll sergeants
  2 bullfrogs
  2 scorpions (D:4)
  A wyvern skeleton (D:7)
  21 killer bees
  7 wights
  A centaur zombie (D:5)
  2 jellies
  2 centaur skeletons
  5 hounds
  A gnoll shaman (D:5)
  4 orc priests
  4 iguanas
  6 orc wizards
  A killer bee zombie (D:7)
  A hound zombie (D:5)
  A hound skeleton (D:4)
  3 mummies (Ossuary)
  A howler monkey zombie (D:9)
  7 adders
  A howler monkey skeleton (D:7)
  11 gnolls
  3 shadow imps
  4 worms
  2 dart slugs (D:1)
  20 orcs
  7 bats
  8 endoplasms
  3 giant cockroaches
  4 goblins
  2 hobgoblins
  11 jackals
  12 kobolds
  4 quokkas
  10 ball pythons
  5 frilled lizards
  3 goblin zombies (Ossuary)
  3 hobgoblin zombies (Ossuary)
  A kobold zombie (Ossuary)
  8 rats
222 creatures vanquished.

Vanquished Creatures (others)
  12 fungi (D:4)
  5 plants
17 creatures vanquished.

Grand Total: 239 creatures vanquished

Notes
Turn   | Place    | Note
-------+----------+-------------------------------------------
     0 | D:1      | Glokmah the Tengu Gladiator began the quest for the Orb.
     0 | D:1      | Reached XP level 1. HP: 12/12 MP: 2/2
   340 | D:1      | Reached XP level 2. HP: 8/17 MP: 3/3
   583 | D:1      | Found a faded altar of an unknown god.
   725 | D:1      | Reached XP level 3. HP: 20/22 MP: 4/4
  1798 | D:2      | Reached XP level 4. HP: 27/27 MP: 5/5
  2474 | D:3      | Reached skill level 1 in Bows
  2807 | D:3      | Found a stormy altar of Qazlal.
  3199 | D:4      | Noticed a scorpion
  3620 | D:4      | Gained mutation: Your magical nature lets you fly swiftly
                  | and evasively. [Tengu growth]
  3620 | D:4      | Reached XP level 5. HP: 19/32 MP: 6/6
  4079 | D:4      | Reached skill level 2 in Bows
  4090 | D:4      | Found Jumehez's Antique Weapon Shop.
  4096 | D:4      | Bought a runed shortbow for 120 gold pieces
  4158 | D:4      | Reached XP level 6. HP: 26/37 MP: 7/7
  4160 | D:4      | Reached skill level 3 in Bows
  4394 | D:4      | Noticed a necrophage
  4421 | D:4      | Killed a necrophage
  4422 | D:4      | Reached skill level 4 in Bows
  4422 | D:4      | Reached XP level 7. HP: 42/42 MP: 8/8
  4489 | D:4      | Identified the +8 whip "Zuzed" {vorpal, rN+ Str+4}
  4517 | D:4      | Reached skill level 5 in Dodging
  4703 | D:5      | Entered Level 5 of the Dungeon
  4777 | D:5      | Reached skill level 1 in Armour
  4782 | D:5      | Identified a scroll of acquirement
  4953 | D:5      | Reached skill level 5 in Bows
  5019 | D:5      | Acquired the amulet "Saur" {Acrobat Str-3 Int+4 Slay+2}
  5092 | D:5      | Reached XP level 8. HP: 48/48 MP: 9/9
  5275 | D:5      | Reached skill level 6 in Bows
  5666 | D:5      | Reached skill level 5 in Fighting
  5887 | D:6      | Noticed Pikel
  5899 | D:6      | Killed Pikel
  5900 | D:6      | Reached skill level 7 in Bows
  6023 | D:6      | Noticed Prince Ribbit
  6044 | D:6      | Reached XP level 9. HP: 49/55 MP: 10/10
  6047 | D:6      | Killed Prince Ribbit
  6048 | D:6      | Reached skill level 8 in Bows
  6200 | D:6      | Noticed Sigmund
  6333 | D:6      | Killed Sigmund
  6334 | D:6      | Reached skill level 5 in Armour
  6898 | D:7      | Found a staircase to the Ecumenical Temple.
  6904 | Temple   | Entered the Ecumenical Temple
  6979 | Temple   | Became a worshipper of Warmaster Okawaru
  7012 | D:7      | Reached skill level 9 in Bows
  7300 | D:7      | Noticed Maggie
  7307 | D:7      | Killed Maggie
  7307 | D:7      | Reached * piety under Okawaru
  7604 | D:7      | Reached skill level 10 in Bows
  7784 | D:7      | Found a sparkling altar of Nemelex Xobeh.
  7946 | D:8      | Reached XP level 10. HP: 63/63 MP: 11/11
  7968 | D:8      | Reached skill level 1 in Invocations
  8066 | D:8      | Found a burning altar of Makhleb.
  8066 | D:8      | Found a shimmering altar of Xom.
  8067 | D:8      | Found an opulent altar of Gozag.
  8082 | D:8      | Reached ** piety under Okawaru
  8139 | D:8      | Found Alecow's Jewellery Shoppe.
  8160 | D:8      | Bought a ring of poison resistance for 280 gold pieces
  8368 | D:8      | Found Wopnev's Antique Weapon Shoppe.
  8451 | D:8      | Found a sand-covered staircase.
  8456 | Ossuary  | Entered an ossuary
  9030 | D:8      | Found Butsoh's Assorted Antiques.
  9215 | D:8      | Reached skill level 11 in Bows
  9642 | D:9      | Reached *** piety under Okawaru
  9852 | D:9      | Identified the +6 dagger "Ruwomozi" {vamp, rPois Str+5
                  | Dex+3}
  9925 | D:9      | Slain by an orc warrior

Illustrated notes

Levels and vault maps discovered:
D:1:      tarquinn_simple_flora_water_a, layout_loops_ring,
          hellmonk_ecumenical_altar_run_dry, hangedman_feature_mirror
D:2:      layout_rooms
D:3:      minmay_evil_eye, layout_basic, overflow_temple_1_default
D:4:      layout_loops_ring, serial_aquarium, aquarium_bridge_square
          [aquarium_subvault_bridge, aquarium_subvault_wall,
          aquarium_subvault_balcony, aquarium_subvault_bridge],
          aquarium_window_1, aquarium_window_corner, aquarium_window_1,
          aquarium_window_fake, aquarium_view_2e, aquarium_view_2d,
          aquarium_balcony_3b, serial_shops, nicolae_shop_overgrown_old_shop,
          kennysheep_generic_room_14
D:5:      minmay_spotlight, layout_loops_ring, grunt_ministairs_2
D:6:      layout_loops_ring, uniq_prince_ribbit1, uniq_pikel, uniq_sigmund
D:7:      layout_cave_pools, nemelex_spade_bored_becter,
          minmay_temple_entry_waves, uniq_maggie
D:8:      layout_basic, gammafunk_temple_overflow_forgotten, enter_ossuary_5,
          serial_shops, kennysheep_little_box,
          nicolae_shop_temple_entry_statues_fountains, nicolae_shop_stone
D:9:      layout_rooms, general_overflow_altar, nicolae_overflow_crystal_walls,
          ebering_ghost_gozag, uniq_psyche
Temple:   zaba_magenta_temple

Skill      XL: |  1  2  3  4  5  6  7  8  9 10 |
---------------+-------------------------------+-----
Long Blades    | 4 |  4.6
Bows           | 1 2 4 5 7 10 11 | 11.3
Dodging        | 4 5 |  5.0
Fighting       | 3 4 5 7 8 |  8.0
Armour         | 2 4 5 6 |  6.8
Invocations    | 3 |  3.0
Throwing       | |  2.6

Action                   |  1- 3 |  4- 6 |  7- 9 | 10-12 || total
-------------------------+-------+-------+-------+-------++-------
Melee: Long sword        |    62 |    51 |       |       ||   113
       Kick              |    11 |    21 |       |    13 ||    45
       Peck              |     7 |     6 |       |     7 ||    20
       Whip              |       |       |       |    46 ||    46
       Punch             |       |       |       |     1 ||     1
 Fire: Shortbow          |       |    84 |   213 |   136 ||   433
Throw: Dart              |    15 |     2 |       |       ||    17
       Throwing net      |     1 |       |       |       ||     1
Invok: Heroism           |       |       |     2 |     5 ||     7
Evoke: Wand              |       |     1 |       |       ||     1
  Use: Scroll            |       |       |    13 |     4 ||    17
 Stab: Sleeping          |     2 |     2 |       |       ||     4
Armor: Leather armour    |    13 |    16 |     4 |       ||    33
       Chain mail        |       |       |     1 |    26 ||    27
Dodge: Dodged            |    29 |    52 |    58 |    71 ||   210
Block: Other             |    16 |    19 |     5 |       ||    40
       Reflection        |       |     1 |       |       ||     1
       Rpst.: Long sword |     5 |    12 |       |       ||    17

Table legend: (Time is in decaauts)
 A = Elapsed time spent in this place.
 B = Non-inter-level travel time spent in this place.
 C = Inter-level travel time spent in this place.
 D = Time resting spent in this place.
 E = Time spent auto-exploring this place.
 F = Levels seen in this place.
 G = Mean time per level.
                   A        B        C        D        E       F      G
               +--------+--------+--------+--------+--------+-----+--------+
         Total |   9512 |   8854 |    658 |    757 |   6076 |  11 |  864.7 |
       Dungeon |   8940 |   8288 |    652 |    757 |   5636 |   9 |  993.3 |
        Temple |     72 |     67 |      5 |      0 |     48 |   1 |   72.0 |
       Ossuary |    500 |    500 |      0 |      0 |    391 |   1 |  500.0 |
               +--------+--------+--------+--------+--------+-----+--------+

Top non-repeatable levels by time:
     D:4: 1388 daAuts
     D:1: 1311 daAuts
     D:5: 1138 daAuts
     D:8: 1130 daAuts
     D:3: 1114 daAuts
     D:2: 899 daAuts
     D:6: 857 daAuts
     D:7: 837 daAuts
 Ossuary: 500 daAuts
     D:9: 261 daAuts
  Temple: 72 daAuts
